 Dungeon Crawl Stone Soup version 0.18-a0-5-gf1fb587 (webtiles) character file.

65 4thArraOfDagon the Firebug (level 3, -2/19 HPs)
             Began as a Deep Elf Fire Elementalist on Oct 31, 2015.
             Killed from afar by SlimeFever's ghost (15 damage)
             ... with a puff of frost
             ... on level 4 of the Dungeon.
             The game lasted 00:03:33 (601 turns).

4thArraOfDagon the Firebug (DEFE)                    Turns: 601, Time: 00:03:34

Health: -2/19      AC:  5    Str:  5    XL:     3   Next: 92%
Magic:  2/10       EV: 13    Int: 20    God:
Gold:   68         SH:  0    Dex: 15    Spells: 2 memorised, 5 levels left

rFire  . . .     SeeInvis .     d - +0 dagger
rCold  . . .     Clarity  .     a - +0 robe
rNeg   . . .     SustAt   .     (no shield)
rPois  .         Gourm    .     (no helmet)
rElec  .         Spirit   .     (no cloak)
rCorr  .         Warding  .     f - +0 pair of gloves
rMut   .         Stasis   .     (no boots)
MR     .....                    (no amulet)
Stlth  ++........               (no ring)
                                h - +2 ring of protection

@: very slightly contaminated, not resistant to hostile enchantments, unstealthy
A: no striking features
a: no special abilities


You were on level 4 of the Dungeon.
You were not hungry.

You visited 1 branch of the dungeon, and saw 4 of its levels.

You collected 68 gold pieces.

Inventory:

Hand Weapons
 d - a +0 dagger (weapon)
Missiles
 n - a throwing net (quivered)
Armour
 a - a +0 robe (worn)
 f - a +0 pair of gloves (worn)
 o - the +1 chain mail of Masochism {Slay+2, unknown}
   (You found it on level 4 of the Dungeon)

   It affects your accuracy and damage with ranged weapons and melee attacks
   (+2).
Jewellery
 h - a +2 ring of protection (left hand)
Wands
 j - a wand of disintegration (18)
Scrolls
 e - a scroll of identify
 i - a scroll of teleportation
 m - a scroll of fog {unknown}
Potions
 g - a potion of haste {unknown}
 k - a potion of agility {unknown}
Books
 b - a book of Flames

   Spells                             Type                      Level
   a - Flame Tongue                   Conjuration/Fire             1
   b - Throw Flame                    Conjuration/Fire             2
   c - Conjure Flame                  Conjuration/Fire             3
   d - Inner Flame                    Hexes/Fire                   3
   e - Sticky Flame                   Conjuration/Fire             4
   f - Fireball                       Conjuration/Fire             5
Comestibles
 c - 3 bread rations
 l - a meat ration


   Skills:
 - Level 2.4 Dodging
 - Level 2.4 Stealth
 + Level 3.6 Spellcasting
 * Level 2.6 Conjurations
 * Level 4.2 Fire Magic


You had 5 spell levels left.
You knew the following spells:

 Your Spells              Type           Power        Failure   Level  Hunger
a - Flame Tongue          Conj/Fire      ###..        3%          1    None
b - Conjure Flame         Conj/Fire      ###.....     12%         3    ###....


Dungeon Overview and Level Annotations

Branches:
Dungeon (4/15)
 Temple: D:4-7

Altars:

Annotations:
D:3 Goblin1989's ghost, amateur DsMo
D:4 SlimeFever's ghost, amateur DsIE


Message History

Casting: Conjure Flame
Confirm with . or Enter, or press ? or * to list all spells.
Aiming: Conjure Flame
Press: ? - help, Dir - move target cursor The fire roars!
SlimeFever's ghost says, "I hope the next monster to meet you likes frozen food!"
SlimeFever's ghost gestures at you while chanting.
You hear a sizzling sound!
Casting: Conjure Flame
Confirm with . or Enter, or press ? or * to list all spells.
Aiming: Conjure Flame
Press: ? - help, Dir - move target cursor The fire roars!
SlimeFever's ghost screams, "What do you have that I didn't have?"
SlimeFever's ghost casts a spell at you.
You hear a sizzling sound!
SlimeFever's ghost casts a spell at you.
The puff of frost hits you!
Ouch! That really hurt!
You die...

### .. #. ##.###
....# #.#.# #.#.####
######### #.@....#
#.......# #.#.##W#
#.......##......##.#
.
#.......#####...##W#
.)#.......# #.####.#
..........# #.####.#
#.......# #..W...#
#.......#####.######
####.###W..##.#


You could see SlimeFever's ghost.

Vanquished Creatures
  An iguana (D:4)
  3 gnolls (D:4)
  A giant cockroach (D:1)
  A hobgoblin (D:1)
  A quokka (D:4)
  A giant newt (D:1)
  2 goblins (D:1)
  6 rats
16 creatures vanquished.

Notes
Turn   | Place    | Note
--------------------------------------------------------------
     0 | D:1      | 4thArraOfDagon the Deep Elf Fire Elementalist began the quest for the Orb.
     0 | D:1      | Reached XP level 1. HP: 10/10 MP: 6/6
   173 | D:2      | Noticed a hound
   173 | D:2      | Noticed a hound
   266 | D:2      | Reached XP level 2. HP: 9/15 MP: 8/8
   297 | D:3      | Noticed Goblin1989's ghost (amateur DsMo)
   364 | D:4      | Noticed a slave
   451 | D:4      | Reached skill level 4 in Fire Magic
   451 | D:4      | Reached XP level 3. HP: 15/19 MP: 4/9
   456 | D:4      | Learned a level 3 spell: Conjure Flame
   551 | D:4      | Noticed a slave
   556 | D:4      | Noticed SlimeFever's ghost (amateur DsIE)
   582 | D:4      | Got a translucent chain mail
   601 | D:4      | Killed from afar by SlimeFever's ghost

Vault maps used:
D:1:      dpeg_arrival_rooms_b, minmay_misc_feat_more_columns
D:2:      grunt_decor_arrowhead, minivault_23, cheibrodos_gnoll_hut
D:4:      nicolae_qazlal_eye_of_the_storm, uniq_pikel

Action                   || total
-------------------------++-------
Melee: Dagger            ||     5
 Cast: Flame Tongue      ||    25
       Conjure Flame     ||     2
  Use: Scroll            ||     2
       Potion            ||     1
 Stab: Sleeping          ||     1
